 Dungeon Crawl Stone Soup version 0.30.0-15-g856e2d3f33 (webtiles) character file.

Game seed: 8653816011803180724

15575 Farfigtubin the Blocker (level 12, -16/59 HPs)
             Began as a Gargoyle Earth Elementalist on May 16, 2023.
             Was an Elder of Sif Muna.
             Demolished by a white ugly thing (35 damage)
             ... on level 13 of the Dungeon on May 18, 2023.
             The game lasted 02:02:07 (13845 turns).

Farfigtubin the Blocker (GrEE)                     Turns: 13845, Time: 02:02:07

Health: -16/59     AC: 20    Str: 13    XL:     12   Next: 28%
Magic:  9/25       EV: 11    Int: 20    God:    Sif Muna [****..]
Gold:   488        SH:  6    Dex: 10    Spells: 25/29 levels left

rFire   . . .        H - +0 whip (freeze)
rCold   . . .        q - +0 buckler
rNeg    + . .        O - +0 steam dragon scales
rPois   ∞            a - +0 hat
rElec   +            (no cloak)
rCorr   .            v - +0 pair of gloves
SInv    .            E - +1 pair of boots
Will    +....        (no amulet)
Stlth   ++           p - +4 ring of protection
HPRegen 0.29/turn    D - ring of willpower
MPRegen 0.19/turn

%: no passive effects
@: marked
A: sickness immunity, AC +8, negative energy resistance 1, electricity
resistance, torment resistance 1, petrification resistance
a: Renounce Religion, Channel Magic, Forget Spell, Divine Exegesis


You were on level 13 of the Dungeon.
You worshipped Sif Muna.
Sif Muna was greatly pleased with you.
You visited 3 branches of the dungeon, and saw 15 of its levels.

You collected 719 gold pieces.
You spent 231 gold pieces at shops.

Inventory:

Hand Weapons
 H - a +0 whip of freezing (weapon)
Missiles
 B - 7 javelins
 G - 9 boomerangs
 L - 10 poisoned darts
 R - a throwing net
 Y - 4 silver javelins
Armour
 a - a +0 hat (worn)
 q - a +0 buckler (worn)
 r - a +0 tower shield
 v - a +0 pair of gloves (worn)
 E - a +1 pair of boots (worn)
 O - +0 steam dragon scales (worn)
 X - a +2 robe of willpower
Jewellery
 p - a +4 ring of protection (left hand)
 D - a ring of willpower (right hand)
 N - a ring of resist corrosion
 V - a ring of wizardry
Wands
 u - a wand of iceblast (5)
 K - a wand of flame (2)
 P - a wand of mindburst (17)
 W - a wand of paralysis (5)
 Z - a wand of light (6)
Scrolls
 c - 3 scrolls of enchant weapon {unknown}
 d - 3 scrolls of magic mapping {unknown}
 e - a scroll of enchant armour {unknown}
 h - 5 scrolls of identify
 j - 3 scrolls of amnesia {unknown}
 l - 2 scrolls of fear {unknown}
 m - 2 scrolls of fog {unknown}
 n - 2 scrolls of immolation {unknown}
 x - 3 scrolls of torment {unknown}
 y - 3 scrolls of teleportation
 C - a scroll of brand weapon {unknown}
 I - 3 scrolls of poison
 J - a scroll of vulnerability {unknown}
 M - 2 scrolls of blinking {unknown}
 Q - a scroll of butterflies {unknown}
 S - a scroll of silence {unknown}
Potions
 b - 2 potions of magic
 f - 2 potions of haste
 g - 3 potions of heal wounds
 i - 3 potions of cancellation
 k - 11 potions of curing
 o - 3 potions of brilliance
 s - 2 potions of attraction
 t - 2 potions of might
 w - a potion of berserk rage {unknown}
 z - 2 potions of flight
 A - a potion of invisibility {unknown}
 F - 4 potions of mutation
 T - a potion of resistance {unknown}
Miscellaneous
 U - a piece from Xom's chessboard (15/15)


   Skills:
 - Level 0.9 Throwing
 - Level 1.5 Dodging
 - Level 2.1 Stealth
 * Level 11.4 Shields
 + Level 9.3 Spellcasting
 - Level 6.0 Conjurations
 - Level 0.7 Transmutations
 - Level 10.0 Earth Magic
 + Level 8.3 Invocations
 - Level 5.2 Evocations


You had 25 spell levels left.
You knew the following spells:

 Your Spells              Type           Power      Damage    Failure   Level
a - Sandblast             Erth           98%        2d20      1%          1
b - Stone Arrow           Conj/Erth      82%        3d12      1%          3

Your spell library contained the following spells:

 Spells                   Type           Power      Damage    Failure   Level
 Magic Dart               Conj           100%       1d8       1%          1
 Passwall                 Tmut/Erth      25%        N/A       1%          2
 Searing Ray              Conj           66%        2d6       1%          2
 Kiss of Death            Conj/Necr      84%        2d11      2%          1
 Summon Small Mammal      Summ           36%        N/A       9%          1
 Petrify                  Tmut/Erth      30%        N/A       10%         4
 Lesser Beckoning         Tloc           18%        N/A       14%         2
 Call Canine Familiar     Summ           9%         N/A       26%         3
 Confusing Touch          Hex            9%         N/A       26%         3
 Gell's Gravitas          Tloc           9%         N/A       26%         3
 Summon Guardian Golem    Hex/Summ       9%         N/A       26%         3
 Teleport Other           Tloc           9%         N/A       26%         3
 Vhi's Electric Charge    Tloc/Air       18%        N/A       26%         3
 Fulminant Prism          Conj/Hex       10%        3d9       26%         4
 Arcjolt                  Conj/Air       10%        1d20      58%         5
 Dispel Undead            Necr           9%         3d8       65%         4
 Maxwell's Capacitive Co  Air            4%         ∞         100%        8


Dungeon Overview and Level Annotations

Branches:
Dungeon (13/15)            Temple (1/1) D:5            Lair (1/5) D:9
    Orc (0/2) D:12
 Vaults: D:13-14

Altars:
Ashenzari
Cheibriados
Dithmenos
Elyvilon
Fedhas
Gozag
Hepliaklqana
Kikubaaqudgha
Makhleb
Nemelex Xobeh
Okawaru
Qazlal
Ru
Sif Muna
Trog
Uskayaw
Vehumet
Wu Jian
Xom
Yredelemnul
Zin
The Shining One

Shops:
D:3 =   D:6 *   D:7 [   D:11 *   D:12 !

Annotations:
D:3 3 runed translucent doors, Chodeload's ghost, weakling OgWn
D:4 1 runed translucent door, 1 exclusion, Crazy Yiuf
D:6 exclusion: statue
D:13 Azrael
Lair:1 Gastronok


Innate Abilities, Weirdness & Mutations

You are immune to sickness and miasma.
Your stone body is resilient. (AC +8)
You are immune to poison.
You resist negative energy. (rN+)
You are resistant to electric shocks. (rElec)
You are resistant to unholy torment.
You are immune to petrification.


Message History

Aim: a large slime creature (95% to hit)
The stone arrow hits the large slime creature!!
The large slime creature is moderately wounded.
Casting: Stone Arrow (safe; 1% risk of failure)
Confirm with . or Enter, or press ? or * to list all spells.
Aiming: Stone Arrow (safe; 1% risk of failure)
Press: ? - help, Shift-Dir - straight line, f/p - large slime creature
Aim: a large slime creature (moderately wounded, 95% to hit)
The stone arrow hits the large slime creature!!
The large slime creature is heavily wounded.
Casting: Stone Arrow (safe; 1% risk of failure)
Confirm with . or Enter, or press ? or * to list all spells.
Aiming: Stone Arrow (safe; 1% risk of failure)
Press: ? - help, Shift-Dir - straight line, f/p - large slime creature
Aim: a large slime creature (heavily wounded, 95% to hit)
The stone arrow hits the large slime creature!!
The large slime creature is severely wounded.
Casting: Stone Arrow (safe; 1% risk of failure)
Confirm with . or Enter, or press ? or * to list all spells.
Aiming: Stone Arrow (safe; 1% risk of failure)
Press: ? - help, Shift-Dir - straight line, f/p - large slime creature
Aim: a large slime creature (severely wounded, 95% to hit)
The stone arrow hits the large slime creature!!
The large slime creature is almost dead.
You block the large slime creature's attack.
Unknown command.
Aiming: Sandblast (safe; 1% risk of failure)
Press: ? - help, Q - select action, (/) - cycle Shift-Dir - straight line, f/p - large slime creature
Aim: a large slime creature (almost dead, 96% to hit)
The blast of sand hits the large slime creature!!!
You kill the large slime creature!
Sif Muna accepts your kill.
A hell hound comes into view.
The white ugly thing pecks you. The white ugly thing freezes you!!
* * * LOW HITPOINT WARNING * * *
Unknown command.
You feel much better. The white ugly thing pecks you!
The white ugly thing freezes you!!
Ouch! That really hurt!
You die...

#########
#..hT.u.#
#.#####@#
#....J.##[#
#.#.##.....
#.#.# ##.##
# #$# #.#
#.. .$# ###
### .#
####### ..
#.....#


You could see a white ugly thing, a troll and a hell hound.

Vanquished Creatures
  2 two-headed ogres (D:9)
  2 skeletal warriors (D:11)
  Pikel (D:6)
  A deep elf pyromancer (D:12)
  3 cyclopes (D:12)
  A manticore (D:12)
  A black mamba (Lair:1)
  A cane toad (Lair:1)
  A komodo dragon (D:10)
  3 unseen horrors
  A kobold demonologist (D:12)
  A troll (D:10)
  Prince Ribbit (D:7)
  Grinder (D:5)
  Sigmund (D:3)
  8 slime creatures
  2 shadows
  A wyvern (D:9)
  2 basilisks
  11 yaks
  A vampire mosquito (D:11)
  A steam dragon (D:7)
  5 water moccasins
  Edmund (D:6)
  An acid dragon (D:9)
  4 orc warriors
  2 black bears
  2 ice beasts
  A sky beast (D:7)
  5 centaurs (D:11)
  An ogre (D:5)
  A lemure (D:5)
  3 phantoms
  3 kobold brigands
  5 bullfrogs
  3 scorpions
  2 gnoll sergeants
  3 howler monkeys
  A crimson imp (D:7)
  3 hounds
  2 jellies
  3 gnoll boudas
  6 orc priests
  2 sleepcaps
  Jessica (D:2)
  2 iguanas
  Terence (D:3)
  5 orc wizards
  3 adders
  19 gnolls
  2 shadow imps
  A white imp (D:7)
  An ufetubus (D:5)
  A worm (D:2)
  A dart slug (D:5)
  48 orcs
  2 ball pythons (D:1)
  9 endoplasms
  7 giant cockroaches
  6 goblins
  3 hobgoblins
  17 jackals
  4 quokkas
  5 bats
  3 frilled lizards (D:1)
  16 kobolds
  5 rats
268 creatures vanquished.

Notes
Turn   | Place    | Note
-------+----------+-------------------------------------------
     0 | D:1      | Farfigtubin the Gargoyle Earth Elementalist began the quest
                  | for the Orb.
     0 | D:1      | Reached XP level 1. HP: 10/10 MP: 3/3
   150 | D:1      | Reached XP level 2. HP: 15/15 MP: 1/5
   302 | D:1      | Reached skill level 1 in Conjurations
   663 | D:1      | Reached XP level 3. HP: 19/19 MP: 4/6
  1197 | D:2      | Reached skill level 5 in Earth Magic
  1441 | D:2      | Upgraded the game from 0.30.0-11-gf55b779eaf to
                  | 0.30.0-15-g856e2d3f33
  1485 | D:2      | Reached XP level 4. HP: 24/24 MP: 4/7
  1784 | D:2      | Noticed Jessica
  1788 | D:2      | Killed Jessica
  1904 | D:2      | Learned a level 3 spell: Stone Arrow
  2230 | D:3      | Noticed Terence
  2234 | D:3      | Killed Terence
  2235 | D:3      | Reached XP level 5. HP: 25/28 MP: 4/8
  2279 | D:3      | Noticed Sigmund
  2310 | D:3      | Found a runed translucent gate.
  2310 | D:3      | Found a runed translucent gate.
  2310 | D:3      | Found a runed translucent gate.
  2311 | D:3      | Found an opulent altar of Gozag.
  2312 | D:3      | Noticed Chodeload's ghost (weakling OgWn)
  2395 | D:3      | Killed Sigmund
  2396 | D:3      | Reached XP level 6. HP: 32/32 MP: 3/10
  2636 | D:3      | Found Ezaytz's One-of-a-Kind Rings.
  2977 | D:4      | Reached XP level 7. HP: 31/36 MP: 2/12
  3469 | D:4      | Found a runed translucent door.
  3470 | D:4      | Noticed Crazy Yiuf
  3574 | D:4      | Found a bloodstained altar of Trog.
  3577 | D:4      | Found a sacrificial altar of Ru.
  3637 | D:4      | Found a snail-covered altar of Cheibriados.
  3681 | D:4      | Found a glowing golden altar of the Shining One.
  3836 | D:5      | Entered Level 5 of the Dungeon
  4190 | D:5      | Found a staircase to the Ecumenical Temple.
  4199 | Temple   | Entered the Ecumenical Temple
  4316 | Temple   | Became a worshipper of Sif Muna the Loreminder
  4359 | D:5      | Found a blossoming altar of Fedhas.
  4632 | D:5      | Reached XP level 8. HP: 41/41 MP: 11/14
  5239 | D:5      | Noticed Grinder
  5242 | D:5      | Killed Grinder
  5243 | D:5      | Reached skill level 5 in Conjurations
  5506 | D:6      | Noticed Edmund
  5516 | D:6      | Killed Edmund
  5516 | D:6      | Reached * piety under Sif Muna
  5517 | D:6      | Reached skill level 5 in Spellcasting
  5517 | D:6      | Reached skill level 10 in Earth Magic
  5646 | D:6      | Found Cemiel's General Store.
  5786 | D:6      | Reached skill level 1 in Invocations
  5786 | D:6      | Reached XP level 9. HP: 45/45 MP: 11/16
  5878 | D:6      | Noticed Pikel
  5886 | D:6      | Killed Pikel
  5887 | D:6      | Reached skill level 2 in Shields
  6174 | D:6      | Bought a scroll of teleportation for 39 gold pieces
  6174 | D:6      | Bought a potion of might for 52 gold pieces
  6508 | D:6      | Reached skill level 3 in Shields
  6601 | D:6      | Found a radiant altar of Vehumet.
  6752 | D:7      | Found Cheibriados's Comfort Zone.
  6752 | D:7      | Found a snail-covered altar of Cheibriados.
  6797 | D:7      | Noticed Prince Ribbit
  6804 | D:7      | Killed Prince Ribbit
  6805 | D:7      | Reached skill level 5 in Invocations
  6812 | D:7      | Reached ** piety under Sif Muna
  6838 | D:7      | Found a burning altar of Makhleb.
  7079 | D:7      | Reached skill level 4 in Shields
  7281 | D:7      | Found an ornate altar of the Wu Jian Council.
  7290 | D:7      | Noticed a spectral centipede
  7379 | D:8      | Reached XP level 10. HP: 50/50 MP: 16/19
  7854 | D:8      | Reached skill level 5 in Shields
  8334 | D:9      | Noticed a two-headed ogre
  8340 | D:9      | Killed a two-headed ogre
  8803 | D:9      | Noticed a two-headed ogre
  9070 | D:9      | Killed a two-headed ogre
  9071 | D:9      | Reached skill level 6 in Shields
  9071 | D:9      | Reached skill level 1 in Evocations
  9481 | D:9      | Found a staircase to the Lair.
  9513 | D:9      | Reached skill level 7 in Shields
  9559 | D:10     | Entered Level 10 of the Dungeon
  9586 | D:10     | Found a broken altar of Ashenzari.
  9600 | D:10     | Reached XP level 11. HP: 44/54 MP: 14/22
  9951 | D:10     | Reached skill level 8 in Shields
  9966 | D:9      | Reached *** piety under Sif Muna
 10021 | Lair:1   | Entered Level 1 of the Lair of Beasts
 10191 | Lair:1   | Noticed Gastronok
 10455 | D:11     | Reached skill level 9 in Shields
 10621 | D:11     | Found Nehufur's Mass Market.
 11227 | D:11     | Noticed a skeletal warrior
 11262 | D:11     | Killed a skeletal warrior
 11362 | D:11     | Noticed a skeletal warrior
 11364 | D:11     | Noticed a skeletal warrior
 11511 | D:11     | Noticed a two-headed ogre
 11511 | D:11     | Noticed a skeletal warrior
 11541 | D:11     | Killed a skeletal warrior
 11542 | D:11     | Reached skill level 10 in Shields
 11735 | D:12     | Noticed a cyclops
 11741 | D:12     | Killed a cyclops
 11851 | D:12     | Found Seudac's Distillery.
 11876 | D:12     | Bought 2 potions of heal wounds for 140 gold pieces
 11919 | D:12     | Reached skill level 5 in Evocations
 12033 | D:12     | Noticed a cyclops
 12069 | D:12     | Killed a cyclops
 12070 | D:12     | Reached XP level 12. HP: 59/59 MP: 20/24
 12345 | D:12     | Reached **** piety under Sif Muna
 12394 | D:12     | Reached skill level 11 in Shields
 12747 | D:12     | Found a staircase to the Orcish Mines.
 12763 | D:12     | Found an opulent altar of Gozag.
 13828 | D:13     | Noticed Azrael
 13845 | D:13     | Demolished by a white ugly thing

Illustrated notes

Levels and vault maps discovered:
D:1:      heliophobic_arrival_glass_houses, layout_loops_ring
D:2:      layout_basic, uniq_jessica
D:3:      layout_loops_ring, ebering_ghost_gozag, nicolae_shop_unique_rings,
          uniq_sigmund, uniq_terence
D:4:      layout_basic, overflow_temple_1_default, tso_metal_star,
          mainiacjoe_overflow_big_doors, uniq_crazy_yiuf_cottage
D:5:      layout_loops_corners, kennysheep_mini,
          minmay_temple_entry_statues_fountains, nicolae_figureground_pulse,
          uniq_grinder
D:6:      layout_basic, vehumet_statue, serial_shops,
          nicolae_shop_tiny_real_fake_doors, uniq_edmund, uniq_pikel
D:7:      layout_rooms, pdpol_wu_jian_five_deadly_venoms, makhleb_grotto_becter,
          minmay_shop_chei, uniq_prince_ribbit1
D:8:      wander_river, layout_basic
D:9:      layout_rooms, david_lair_generic
D:10:     layout_rooms, lemuel_round_altar
D:11:     layout_gridville, minmay_shop_mass
D:12:     layout_layer_cave, orc_0_dummy, serial_shops, nicolae_shop_crystal,
          nicolae_gozag_seed_capital
D:13:     layout_loops_cross, skrybe_vaults_entry_preservation, serial_shops,
          shop, nicolae_uskayaw_dance_hall, uniq_azrael
Temple:   dshaligram_water_room_temple
Lair:1:   layout_cave_pods, gammafunk_ghost_icy, st_stairs_6, minmay_hedge_maze,
          uniq_gastronok

Skill      XL: |  1  2  3  4  5  6  7  8  9 10 11 12 |
---------------+-------------------------------------+-----
Earth Magic    | 4 5 6 7 8 10 | 10.0
Conjurations   | 1 2 3 4 6 |  6.0
Spellcasting   | 3 4 5 6 7 8 9 |  9.3
Invocations    | 1 6 8 |  8.3
Shields        | 4 7 10 11 | 11.4
Evocations     | 2 5 |  5.2
Throwing       | |  0.9
Dodging        | |  1.5
Stealth        | |  2.1
Transmutations | |  0.7

Action                     |  1- 3 |  4- 6 |  7- 9 | 10-12 || total
---------------------------+-------+-------+-------+-------++-------
  Melee: Whip              |    30 |    15 |     1 |       ||    46
  Throw: Stone             |     1 |       |     4 |     2 ||     7
         Javelin           |       |       |     3 |     2 ||     5
         Boomerang         |       |       |     4 |     9 ||    13
         Dart              |       |       |       |     4 ||     4
   Cast: Sandblast         |    67 |    56 |   176 |   269 ||   568
         Stone Arrow       |       |       |       |    27 ||    27
  Evoke: Wand              |       |       |     1 |    17 ||    18
    Use: Potion            |     1 |       |       |     2 ||     3
         Scroll            |       |     2 |     4 |     6 ||    12
   Stab: Sleeping          |       |     1 |       |       ||     1
 Armour: Robe              |    24 |    20 |    44 |       ||    88
         Skin              |     4 |       |       |       ||     4
         Steam dragon scal |       |       |       |    86 ||    86
  Dodge: Dodged            |    29 |    24 |    80 |    90 ||   223
  Block: Buckler           |       |       |       |    47 ||    47
